 Dungeon Crawl Stone Soup version 0.30-a0-1160-g6e42c06551 (webtiles) character file.

Game seed: 5452305571070888911

39 qeuew the Sneak (level 3, -3/18 HPs)
             Began as a Spriggan Brigand on Apr 25, 2023.
             Was a Believer of Jiyva.
             Slain by a gnoll bouda
             ... wielding a +0 club
              (8 damage)
             ... on level 2 of the Dungeon.
             The game lasted 00:01:13 (721 turns).

qeuew the Sneak (Spriggan Brigand)                   Turns: 721, Time: 00:01:14

Health: -3/18      AC:  3    Str:  7    XL:     3   Next: 26%
Magic:  4/4        EV: 17    Int: 12    God:    Jiyva [**....]
Gold:   139        SH:  0    Dex: 18    Spells: 2/2 levels left

rFire   . . .        a - +2 dagger
rCold   . . .        (no shield)
rNeg    . . .        b - +0 robe
rPois   .            (helmet restricted)
rElec   .            c - +0 cloak
rCorr   +            (gloves unavailable)
SInv    +            (boots unavailable)
Will    .....        (no amulet)
Stlth   +++          (no ring)
HPRegen 1.19/turn    (no ring)
MPRegen 0.39/turn

%: no passive effects
@: very quick
A: very small, no large weapons, unfitting armour, see invisible, speed 3
a: Renounce Religion


You were on level 2 of the Dungeon.
You worshipped Jiyva.
Jiyva was pleased with you.
You visited 1 branch of the dungeon, and saw 2 of its levels.

You collected 139 gold pieces.

Inventory:

Hand Weapons
 a - a +2 dagger (weapon)
Missiles
 d - 9 poisoned darts (quivered)
 e - 3 curare-tipped darts
Armour
 b - a +0 robe (worn)
 c - a +0 cloak (worn)
Scrolls
 j - a scroll of teleportation
Potions
 f - a potion of resistance
 g - a potion of haste {unknown}
 h - a potion of heal wounds
 i - a potion of berserk rage {unknown}


   Skills:
 + Level 1.8 Fighting
 * Level 3.0 Short Blades
 + Level 2.2 Throwing
 + Level 2.1 Dodging
 * Level 6.3 Stealth


You had 2 spell levels left.
You didn't know any spells.
Your spell library was empty.

Dungeon Overview and Level Annotations

Branches:
Dungeon (2/15)

Altars:
Jiyva


Innate Abilities, Weirdness & Mutations

You are very small and have problems with some larger weapons.
You are too small for most types of armour.
You have supernaturally acute eyesight. (SInv)
You cover ground extremely quickly. (Speed+++)


Message History

You hit the gnoll but do no damage.
The gnoll is severely wounded.
The gnoll bouda hits you with a +0 club.
The gnoll hits you but does no damage. The gnoll completely misses you. x2
You hit the gnoll.
The gnoll is severely wounded.
The gnoll bouda calls upon its god to heal the gnoll.
The gnoll is healed somewhat.
The gnoll closely misses you.
The gnoll hits you with a +0 flail of protection.
You hit the gnoll.
The gnoll is severely wounded.
The gnoll hits you with a +0 spear.
The gnoll bouda hits you with a +0 club.
The gnoll barely misses you.
You are too injured to fight recklessly!
You are too injured to fight recklessly!
You are too injured to fight recklessly!
You are too injured to fight recklessly!
You are too injured to fight recklessly!
You are too injured to fight recklessly!
You are too injured to fight recklessly!
You are too injured to fight recklessly!
You are too injured to fight recklessly!
You are too injured to fight recklessly!
You are too injured to fight recklessly!
You are too injured to fight recklessly!
You are too injured to fight recklessly!
You are too injured to fight recklessly!
Unknown command.
You hit the gnoll.
The gnoll is severely wounded.
The gnoll completely misses you. The gnoll misses you.
The gnoll bouda hits you with a +0 club.
* * * LOW HITPOINT WARNING * * *
You hit the gnoll but do no damage.
The gnoll is severely wounded.
The gnoll misses you. The gnoll completely misses you.
The gnoll closely misses you.
The gnoll bouda hits you with a +0 club!
You die...

#..................#..........###
###...........................# #
..............................###
.......<........................#
##.#..........................#.#
#..#.....................<....#.#
..#.......#......................
....#.........................)..
.##.#.....##....@g...............
...............ggg.......>.#†....
................w..#########.....
....##............$.. ##....
........########.#.... #....
..##...## #.....#.. #....
.###.####### ####... . ......
............ ...# #.#....
.##....##... ........


You could see a gnoll bouda, a worm and 3 gnolls.

Vanquished Creatures
  An adder (D:2)
  2 worms (D:2)
  A bat (D:1)
  A giant cockroach (D:1)
  2 goblins (D:1)
  3 hobgoblins (D:1)
  A quokka (D:2)
  5 ball pythons (D:1)
  5 frilled lizards
  2 rats (D:1)
23 creatures vanquished.

Vanquished Creatures (others)
  A goblin (D:2)
1 creature vanquished.

Grand Total: 24 creatures vanquished

Notes
Turn   | Place    | Note
-------+----------+-------------------------------------------
     0 | D:1      | qeuew the Spriggan Brigand began the quest for the Orb.
     0 | D:1      | Reached XP level 1. HP: 10/10 MP: 2/2
    57 | D:1      | Found a faded altar of an unknown god.
    70 | D:1      | Reached skill level 6 in Stealth
    71 | D:1      | Prayed at the altar of an unknown god.
    71 | D:1      | Became a worshipper of Jiyva Jouqoin the Shapeless
    71 | D:1      | Reached * piety under Jiyva
   154 | D:1      | Reached XP level 2. HP: 12/14 MP: 3/3
   385 | D:1      | Reached ** piety under Jiyva
   523 | D:2      | Reached XP level 3. HP: 16/18 MP: 4/4
   721 | D:2      | Slain by a gnoll bouda

Illustrated notes

Levels and vault maps discovered:
D:1:      wander_arrival_lonely_grave, layout_rooms,
          nicolae_ecumenical_snake_handling
D:2:      layout_rooms

Skill      XL: |  1  2  3 |
---------------+----------+-----
Stealth        | 6 |  6.3
Dodging        | 2 |  2.1
Short Blades   | 3 |  3.0
Fighting       | |  1.8
Throwing       | |  2.2

Action                     || total
---------------------------++-------
  Melee: Dagger            ||    98
         Punch             ||     1
    Use: Scroll            ||     3
         Potion            ||     1
   Stab: Sleeping          ||     6
 Armour: Robe              ||     9
  Dodge: Dodged            ||    83

Table legend: (Time is in decaauts)
 A = Elapsed time spent in this place.
 B = Non-inter-level travel time spent in this place.
 C = Inter-level travel time spent in this place.
 D = Time resting spent in this place.
 E = Time spent auto-exploring this place.
 F = Levels seen in this place.
 G = Mean time per level.
                   A        B        C        D        E       F      G
               +--------+--------+--------+--------+--------+-----+--------+
         Total |    471 |    467 |      4 |      0 |    301 |   2 |  235.5 |
       Dungeon |    471 |    467 |      4 |      0 |    301 |   2 |  235.5 |
               +--------+--------+--------+--------+--------+-----+--------+

Top non-repeatable levels by time:
     D:1: 284 daAuts
     D:2: 187 daAuts
